 Dungeon Crawl Stone Soup version 0.18.1-1-g2f07953 (webtiles) character file.

54 ShiverMeTomatoes the Skirmisher (level 3, -2/33 HPs)
             Began as a Draconian Berserker on May 19, 2016.
             Was a Follower of Trog.
             Slain by a gnoll
             ... wielding a +0 spear
              (7 damage)
             ... on level 3 of the Dungeon.
             The game lasted 00:12:34 (1110 turns).

ShiverMeTomatoes the Skirmisher (DrBe)              Turns: 1110, Time: 00:12:34

Health: -2/33      AC:  5    Str: 19    XL:     3   Next: 66%
Magic:  3/3        EV: 13    Int:  8    God:    Trog [*.....]
Gold:   48         SH:  0    Dex: 10    Spells: 0 memorised, 2 levels left

rFire  . . .     SeeInvis .     g - +2 hand axe (elec)
rCold  . . .     Gourm    .     (armour unavailable)
rNeg   . . .     Faith    .     (no shield)
rPois  .         Spirit   .     (helmet restricted)
rElec  .         Dismiss  .     (no cloak)
rCorr  .         Reflect  .     (no gloves)
SustAt .         Harm     .     (no boots)
MR     .....                    c - amulet of rage
Stlth  +.........               (no ring)
                                (no ring)

@: not resistant to hostile enchantments, very unstealthy
A: unfitting armour, cold-blooded, AC +5
a: Berserk, Burn Spellbooks, Renounce Religion, Evoke Berserk Rage


You were on level 3 of the Dungeon.
You worshipped Trog.
Trog was aware of your devotion.
You were not hungry.

You visited 1 branch of the dungeon, and saw 3 of its levels.

You collected 48 gold pieces.

Inventory:

Hand Weapons
 a - a +0 falchion {Berwhale the Avenger}
 g - a +2 hand axe of electrocution (weapon)
 j - a +0 club
 l - a +0 whip
 p - a +0 whip
 s - a +0 spear
Missiles
 e - 24 bolts
 h - 7 curare-tipped needles
 m - 78 stones (quivered)
Armour
 d - a +0 ring mail
 i - a +0 plate armour
 r - a +0 robe
Jewellery
 c - an amulet of rage (around neck)
 k - an uncursed amulet of dismissal
 n - an uncursed ring of fire {unknown}
Scrolls
 o - a scroll of enchant armour {unknown}
Potions
 f - a potion of might {unknown}
 q - 3 potions of brilliance {unknown}


   Skills:
 + Level 3.8 Fighting
 + Level 3.1 Long Blades
 + Level 1.0 Axes
 + Level 3.5 Dodging


You had 2 spell levels left.
You didn't know any spells.

Dungeon Overview and Level Annotations

Branches:
Dungeon (3/15)

Altars:


Innate Abilities, Weirdness & Mutations

Your plain brown scales are hard (AC +5).
Your body does not fit into most forms of armour.
You are cold-blooded and may be slowed by cold attacks.


Message History

You are too injured to fight recklessly!
You are too injured to fight recklessly!
You are too injured to fight recklessly!
You are too injured to fight recklessly!
You are too injured to fight recklessly!
You are too injured to fight recklessly!
You are too injured to fight recklessly!
You are too injured to fight recklessly!
You are too injured to fight recklessly!
You are too injured to fight recklessly!
You are too injured to fight recklessly!
You are too injured to fight recklessly!
You are too injured to fight recklessly!
You are too injured to fight recklessly!
You are too injured to fight recklessly!
You are too injured to fight recklessly!
The gnoll hits you from afar with a spear.
* * * LOW HITPOINT WARNING * * *
The gnoll hits you from afar with a spear!
You die...

........................
...............#.######.
.##..#########.#.# ###
#...# g# #...# .# ###.##
g# +....# g# ##...##g#
###@.#.# #..)†#.#
#.##.gg# #. ##..# # #..#
#..# ...# ##.# ..


You could see 2 gnolls.

Vanquished Creatures
  2 gnolls (D:3)
  2 worms (D:2)
  A dart slug (D:1)
  2 giant geckos
  2 giant cockroaches (D:1)
  4 goblins
  4 hobgoblins
  A bat (D:1)
  5 kobolds (D:2)
  2 rats
25 creatures vanquished.

Notes
Turn   | Place    | Note
--------------------------------------------------------------
     0 | D:1      | ShiverMeTomatoes the Draconian Berserker began the quest for the Orb.
     0 | D:1      | Reached XP level 1. HP: 19/19 MP: 1/1
   261 | D:1      | Reached XP level 2. HP: 25/26 MP: 2/2
   878 | D:2      | Reached XP level 3. HP: 18/33 MP: 3/3
  1021 | D:2      | Found a faded altar to an unknown god.
  1107 | D:3      | Reached skill level 1 in Axes
  1110 | D:3      | Slain by a gnoll

Skill      XL: |  1  2  3 |
---------------+----------+-----
Dodging        | 3 |  3.5
Axes           | 1 |  1.0
Fighting       | |  3.8
Long Blades    | |  3.1

Action                   || total
-------------------------++-------
Melee: Falchion          ||    13
       Hand axe          ||    42
       Tailslap          ||     4
  Use: Scroll            ||     5
  Eat: Bread ration      ||     1
Armor: Skin              ||    10
Dodge: Dodged            ||    32
